Map: Ruins of Seras

Players

IIIIIIIIIIII - Winner!

  • Race: Zerg Zerg

Bop

  • Race: Zerg Zerg

VOD

Have the link to the VOD?

Description

Time

  • Played on: May 2, 2015, 4:43 a.m.
  • Length: 3:04
Show
View Real Time Build Order
Export as new Build Order

IIIIIIIIIIII Zerg - Winner!

Build Orders: Pool Only 

Get SALT Encoding   

  12  0:02  Extractor  
  11  0:21  Spawning Pool  
  10  0:26  Drone  
  11  0:34  Drone  
  12  0:48  Overlord  
  12  1:08  Metabolic Boost  
  12  1:14  Queen  
  14  1:20  Zergling x2  
  14  1:23  Zergling x2  
  16  1:28  Zergling x2  
  17  1:38  Zergling x2  
  18  1:45  Overlord  
  18  1:54  Zergling x2  
  19  2:04  Zergling x2  
  20  2:16  Zergling x2  
  21  2:24  Zergling x8  
  25  2:31  Overlord  
  25  2:46  Zergling x2  
Show
View Real Time Build Order
Export as new Build Order

Bop Zerg 

Build Orders: Hatch First 

Get SALT Encoding   

  12  0:01  Drone  
  13  0:15  Overlord  
  13  0:20  Drone  
  14  0:33  Drone x2  
  16  0:39  Drone  
  17  0:53  Hatchery  
  16  1:00  Drone x2  
  18  1:07  Extractor  
  17  1:16  Spawning Pool  
  16  1:19  Drone  
  17  1:27  Drone  
  18  1:37  Drone  
  19  1:45  Drone  
  20  1:55  Drone  
  21  2:02  Drone  
  21  2:04  Queen  
  21  2:05  Queen  
  21  2:07  Zergling x2  
  27  2:13  Overlord  
  27  2:18  Zergling x2  
  28  2:33  Drone x2  
  30  2:39  Drone x2  
  34  2:48  Drone  
Tags
 
Add a new tag
Caveats
  • Supply blocks, unpowered buildings, or Contaminate may cause inaccurate times.
  • Supply counts are checked every 10 seconds.